 Dungeon Crawl Stone Soup version 0.30-a0-718-geaa24f58ff (webtiles) character file.

Game seed: 15823428514121286797

65 Ge0ff the Firebug (level 3, 0/22 HPs)
             Began as a Deep Elf Cinder Acolyte on Jan 25, 2023.
             Was a High Priest of Ignis.
             Slain by a gnoll
             ... wielding a +0 spear
              (2 damage)
             ... on level 2 of the Dungeon.
             The game lasted 00:03:11 (1400 turns).

Ge0ff the Firebug (Deep Elf Cinder Acolyte)         Turns: 1400, Time: 00:03:12

Health: 0/22       AC:  3    Str: 11    XL:     3   Next: 92%
Magic:  0/7        EV: 11    Int: 20    God:    Ignis [*****.]
Gold:   101        SH:  0    Dex: 10    Spells: 3/5 levels left

rFire   + + .      SeeInvis .    a - +2 short sword (venom)
rCold   x . .      Faith    .    (no shield)
rNeg    . . .      Spirit   .    b - +1 robe
rPois   .          Reflect  .    (no helmet)
rElec   .          Harm     .    (no cloak)
rCorr   .          Rampage  .    (no gloves)
Will    .....                    (no boots)
Stlth   ++                       (no amulet)
HPRegen 0.23/turn                o - ring of fire
MPRegen 0.10/turn                (no ring)

@: no status effects
A: no striking features
a: Renounce Religion, Fiery Armour, Foxfire Swarm, Rising Flame


You were on level 2 of the Dungeon.
You worshipped Ignis.
Ignis was extremely pleased with you.
You visited 1 branch of the dungeon, and saw 2 of its levels.

You collected 101 gold pieces.

Inventory:

Hand Weapons
 a - a +2 short sword of venom (weapon)
 n - a -1 short sword of flaming
Missiles
 g - 2 throwing nets {=F}
 i - 33 stones
 l - 5 boomerangs
Armour
 b - a +1 robe (worn)
Jewellery
 o - a ring of fire (left hand)
Scrolls
 q - 3 scrolls of enchant armour
Potions
 m - 2 potions of ambrosia {unknown}
 p - a potion of magic {unknown}


   Skills:
 - Level 2.4 Fighting
 - Level 3.0 Short Blades
 - Level 3.0 Stealth
 - Level 1.5 Spellcasting
 + Level 4.6 Fire Magic


You had 3 spell levels left.
You knew the following spells:

 Your Spells              Type           Power      Damage    Failure   Level
C - Scorch                Fire           58%        2d8       3%          2

Your spell library contained the following spells:

 Spells                   Type           Power      Damage    Failure   Level
 Magic Dart               Conj           4%         1d3       17%         1
 Call Imp                 Summ           1%         N/A       26%         2
 Mephitic Cloud           Conj/Pois/Air  1%         N/A       45%         3


Dungeon Overview and Level Annotations

Branches:
Dungeon (2/15) Zot: 10604

Altars:


Message History

The goblin moves out of view.
A goblin and a rat come into view.
The goblin hits you with a +0 club. The goblin barely misses you.
Casting: Scorch (safe; 4% risk of failure)
Confirm with . or Enter, or press ? or * to list all spells.
You feel a surge of power!
Flames lash the rat.
You kill the rat!
You hear a shout! x3
A gnoll comes into view. It is wielding a +0 halberd.
The goblin closely misses you.
Casting: Scorch (safe; 4% risk of failure)
Confirm with . or Enter, or press ? or * to list all spells.
You feel a surge of power!
Flames lash the goblin.
You kill the goblin!
Casting: Scorch (safe; 4% risk of failure)
Confirm with . or Enter, or press ? or * to list all spells.
You feel a surge of power!
Flames lash the gnoll.
The gnoll is heavily wounded.
The gnoll's fire resistance burns away.
Casting: Scorch (safe; 4% risk of failure)
Confirm with . or Enter, or press ? or * to list all spells.
You don't have enough magic to cast this spell.
A gnoll comes into view. It is wielding a +0 spear.
The gnoll is no longer more vulnerable to fire.
Casting: Scorch (safe; 4% risk of failure)
Confirm with . or Enter, or press ? or * to list all spells.
You feel a surge of power!
Flames lash the gnoll.
The gnoll is almost dead.
The gnoll's fire resistance burns away.
The gnoll hits you from afar with a +0 halberd.
The gnoll barely misses you.
A gnoll comes into view. It is wielding a +0 spear.
You hit the gnoll.
You kill the gnoll!
The gnoll hits you from afar with a +0 spear.
Things that are here:
a +0 halberd; a gnoll corpse The gnoll hits you with a +0 spear.
You hit the gnoll.
The gnoll is poisoned.
The gnoll is lightly wounded.
The gnoll hits you with a +0 spear.
* * * LOW HITPOINT WARNING * * *
The gnoll closely misses you.
You hit the gnoll but do no damage.
The gnoll looks as sick as possible!
The gnoll is moderately wounded.
The gnoll hits you from afar with a +0 spear.
* * * LOW HITPOINT WARNING * * *
The gnoll hits you with a +0 spear.
You die...

.#....[.......###
#.#.#
.#............#
#.#.#
..............#
#.#.#
##............#
#.#.#
##..####.#....#
###.# ##..#
.#....# #.# .#..#
#..!.# #.# ....#
...#...)########.#
.#.##
.....†..gg@).....#
.#.#
...#....##########
.# ........# .#
...###### .# .. .#
. .# .# ##


You could see 2 gnolls.

Vanquished Creatures
  3 gnolls (D:2)
  A dart slug (D:1)
  3 endoplasms
  5 goblins
  2 hobgoblins (D:2)
  2 jackals (D:2)
  A quokka (D:1)
  6 ball pythons
  2 bats
  2 frilled lizards (D:1)
  5 kobolds (D:1)
  2 rats
34 creatures vanquished.

Notes
Turn   | Place    | Note
-------+----------+-------------------------------------------
     0 | D:1      | Ge0ff the Deep Elf Cinder Acolyte began the quest for the
                  | Orb.
     0 | D:1      | Reached XP level 1. HP: 13/13 MP: 5/5
   132 | D:1      | Reached skill level 1 in Stealth
   188 | D:1      | Reached XP level 2. HP: 13/18 MP: 6/6
   196 | D:1      | Learned a level 2 spell: Scorch
   950 | D:2      | Reached skill level 4 in Fire Magic
   999 | D:2      | Reached XP level 3. HP: 22/22 MP: 7/7
  1400 | D:2      | Slain by a gnoll

Illustrated notes

Levels and vault maps discovered:
D:1:      dpeg_arrival_snail, layout_rooms
D:2:      layout_basic

Skill      XL: |  1  2  3 |
---------------+----------+-----
Stealth        | 1 2 3 |  3.0
Fire Magic     | 4 |  4.6
Fighting       | |  2.4
Short Blades   | |  3.0
Spellcasting   | |  1.5

Action                     || total
---------------------------++-------
  Melee: Short sword       ||    35
  Throw: Stone             ||     4
   Cast: Scorch            ||    31
    Use: Scroll            ||     6
 Armour: Robe              ||     8
  Dodge: Dodged            ||    24

Table legend: (Time is in decaauts)
 A = Elapsed time spent in this place.
 B = Non-inter-level travel time spent in this place.
 C = Inter-level travel time spent in this place.
 D = Time resting spent in this place.
 E = Time spent auto-exploring this place.
 F = Levels seen in this place.
 G = Mean time per level.
                   A        B        C        D        E       F      G
               +--------+--------+--------+--------+--------+-----+--------+
         Total |   1394 |   1365 |     29 |     17 |   1078 |   2 |  697.0 |
       Dungeon |   1394 |   1365 |     29 |     17 |   1078 |   2 |  697.0 |
               +--------+--------+--------+--------+--------+-----+--------+

Top non-repeatable levels by time:
     D:1: 832 daAuts
     D:2: 561 daAuts
